 Seeded DCSS version 0.31-a0-208-gdb31a4691d (webtiles) character file.

Game seed: 12082911197751357269 (custom seed)

6684 bmack86 the Severer (level 10, -10/124 HPs)
             Began as a Minotaur Fighter on June 29, 2023.
             Was an Initiate of Gozag.
             Killed from afar by a white imp (12 damage)
             ... with a puff of frost
             ... summoned by a kobold demonologist
             ... on level 9 of the Dungeon.
             The game lasted 00:24:45 (6882 turns).

bmack86 the Severer (Minotaur Fighter)              Turns: 6882, Time: 00:24:46

Health: -10/124    AC:  2    Str: 36    XL:     10   Next: 73%
Magic:  9/9        EV:  8    Int:  5    God:    Gozag
Gold:   1137       SH: 10    Dex: 11    Spells: 9/9 levels left

rFire   . . .        a - +0 war axe
rCold   . . .        A - +1 kite shield
rNeg    . . .        g - +0 chain mail
rPois   +            (helmet restricted)
rElec   .            I - +0 cloak of the Tuna {rPois SInv}
rCorr   .            b - +2 pair of gloves
SInv    +            (no boots)
Will    .....        c - amulet of regeneration Stlth
                     m - +6 ring of strength
HPRegen 1.20/turn    t - +6 ring of strength
MPRegen 0.11/turn

%: no passive effects
@: berserking (expiring), corroded, gold aura, slowed, studying Armour
A: horns 2, retaliatory headbutt
a: Renounce Religion, Potion Petition, Call Merchant, Bribe Branch


You were on level 9 of the Dungeon.
You worshipped Gozag.
Gozag was most pleased with you.
You visited 2 branches of the dungeon, and saw 10 of its levels.

You collected 1237 gold pieces.
You paid 100 gold pieces to Gozag.

Inventory:

Hand Weapons
 a - a +0 war axe (weapon)
 n - a +2 vampiric hand axe
Missiles
 C - 4 boomerangs
 E - 12 poisoned darts
 M - a curare-tipped dart
Armour
 b - a +2 pair of gloves (worn)
 g - a +0 chain mail (worn)
 A - a +1 kite shield (worn)
 I - the +0 cloak of the Tuna (worn) {rPois SInv}
   (You found it on level 6 of the Dungeon)

   rPois:     It protects you from poison.
   SInv:      It lets you see invisible.
Jewellery
 c - an amulet of regeneration (around neck)
 f - a +6 ring of dexterity
 m - a +6 ring of strength (left hand)
 q - a ring of poison resistance
 s - a +6 ring of dexterity
 t - a +6 ring of strength (right hand)
 x - a ring of flight
 z - an amulet of guardian spirit
 F - a ring of positive energy
 G - a +6 ring of dexterity
Wands
 r - a wand of digging (9)
 D - a wand of paralysis (9)
 L - a wand of acid (5)
Scrolls
 i - 8 scrolls of teleportation
 l - a scroll of revelation
 w - a scroll of vulnerability
 y - 2 scrolls of fog
 B - a scroll of identify
 H - a scroll of brand weapon
 J - 5 scrolls of enchant weapon
 K - a scroll of butterflies
Potions
 d - 2 potions of might
 e - 2 potions of resistance
 h - a potion of invisibility
 j - 2 potions of mutation
 k - 2 potions of heal wounds
 p - 5 potions of curing
 u - 4 potions of enlightenment
 v - 2 potions of attraction
 N - a potion of lignification {unknown}


   Skills:
 * Level 6.0 Fighting
 - Level 18.0 Axes
 + Level 6.0 Armour
 + Level 5.0 Shields


You had 9 spell levels left.
You didn't know any spells.
Your spell library contained the following spells:

 Spells                   Type           Power      Damage    Failure   Level
 Necrotise                Necr           0%         1d4       95%         1
 Blink                    Tloc           0%         N/A       99%         2
 Lesser Beckoning         Tloc           0%         N/A       99%         2
 Momentum Strike          Conj/Tloc      0%         3d8       99%         2
 Stone Arrow              Conj/Erth      0%         3d7       100%        3
 Vampiric Draining        Necr           0%         2d6       100%        3
 Animate Armour           Summ/Erth      0%         N/A       100%        4
 Agony                    Necr           0%         N/A       100%        5
 Lehudib's Crystal Spear  Conj/Erth      0%         10d2      100%        8


Dungeon Overview and Level Annotations

Branches:
Dungeon (9/15)             Temple (1/1) D:5            Lair (0/5) D:9
    Orc: D:9-12

Altars:
Ashenzari
Cheibriados
Dithmenos
Elyvilon
Fedhas
Gozag
Hepliaklqana
Kikubaaqudgha
Makhleb
Nemelex Xobeh
Okawaru
Qazlal
Ru
Sif Muna
Trog
Uskayaw
Vehumet
Wu Jian
Xom
Yredelemnul
Zin
The Shining One

Shops:
D:3 *

Annotations:
D:6 2 transporters, NinjaNoafa's ghost, novice AtFi
D:7 3 runed translucent doors, Jeffwins's ghost, novice OpWn


Innate Abilities, Weirdness & Mutations

You have a pair of horns on your head.
You reflexively headbutt those who attack you in melee.


Message History

The quasit claws you but does no damage.
You block the quasit's attack.
The kobold demonologist looks encouraged for a moment.
You block Maggie's attack.
The brown ugly thing is distracted by your dazzling golden aura.
The brown ugly thing gurgles horribly!
You slash Maggie! Your headbutt misses Maggie.
Maggie is severely wounded.
You closely miss the crimson imp. You hit the brown ugly thing.
The brown ugly thing is no longer distracted by gold.
You slash the quasit!
You kill the quasit!
The quasit disappears in a puff of smoke!
You hear a howl!
A kobold brigand comes into view.
It is wielding a +0 dagger, quivering poisoned darts and carrying a wand of paralysis (2).
An orc wizard comes into view. It is wielding a +0 dagger.
The brown ugly thing punches you.
* * * LOW HITPOINT WARNING * * *
The acid corrodes you!
You are splashed with acid!
* * * LOW HITPOINT WARNING * * *
You block Maggie's attack.
The kobold demonologist mumbles some strange words.
You barely miss Maggie.
Maggie is severely wounded.
You slash the brown ugly thing! You slash the crimson imp!
You kill the crimson imp!
The crimson imp disappears in a puff of smoke!
The white imp gestures at you. The puff of frost hits you.
* * * LOW HITPOINT WARNING * * *
You slice Maggie!!
You kill Maggie!
You slash the brown ugly thing! The brown ugly thing punches you.
* * * LOW HITPOINT WARNING * * *
The acid corrodes you!
You are splashed with acid!
* * * LOW HITPOINT WARNING * * *
The white imp gestures at you. The puff of frost hits you!
You die...
Your body crumbles into a pile of gold.

#############
#.............
#.............
#.............
###########.............
.#........'.............
..........#...$........#
..........#...$$$$.....#
).........#....$@$......
.#........#....u§§....##
##........#.)..5...###?.
.#..#######.....K.## $
$$ .#..## #.....o5#
.....# #.......#
.##..#### #####..#.
..#.....# ##.#o#
........# ######.#


You could see a brown ugly thing, a kobold demonologist, an orc warrior, an orc
wizard, a white imp (summoned) and an ufetubus (summoned).

Vanquished Creatures
  A two-headed ogre (D:9)
  Maggie (D:9)
  An elephant (D:9)
  A troll (D:6)
  Sigmund (D:3)
  4 yaks
  2 wyverns
  2 wraiths
  A basilisk (D:9)
  A steam dragon (D:9)
  2 water moccasins
  3 orc warriors
  Duvessa (D:6)
  An ice beast (D:6)
  3 black bears
  4 sky beasts
  3 ogres
  2 centaurs
  2 kobold brigands
  A phantom (D:4)
  2 gnoll sergeants
  Blork the orc (D:5)
  A bullfrog (D:9)
  3 scorpions
  8 wights
  Dowan (D:6)
  A killer bee (D:9)
  2 howler monkeys (D:9)
  11 hounds
  2 orc priests
  A sleepcap (D:6)
  3 iguanas
  Terence (D:2)
  6 orc wizards
  12 gnolls
  9 adders
  A shadow imp (D:7)
  3 white imps
  An ufetubus (D:5)
  2 worms
  6 dart slugs
  32 orcs
  4 bats
  6 endoplasms
  A giant cockroach (D:1)
  6 goblins
  12 hobgoblins
  11 jackals
  3 quokkas
  8 ball pythons
  7 frilled lizards (D:1)
  13 kobolds
  5 rats
222 creatures vanquished.

Notes
Turn   | Place    | Note
-------+----------+-------------------------------------------
     0 | D:1      | bmack86 the Minotaur Fighter began the quest for the Orb.
     0 | D:1      | Reached XP level 1. HP: 19/19 MP: 0/0
    14 | D:1      | Reached skill level 3 in Axes
   151 | D:1      | Reached XP level 2. HP: 20/26 MP: 1/1
   241 | D:1      | Reached skill level 4 in Axes
   255 | D:1      | Reached XP level 3. HP: 31/31 MP: 2/2
   673 | D:2      | Reached skill level 5 in Axes
   724 | D:2      | Reached XP level 4. HP: 39/39 MP: 3/3
   847 | D:2      | Noticed Terence
   856 | D:2      | Killed Terence
  1090 | D:3      | Reached skill level 6 in Axes
  1118 | D:3      | Found a faded altar of an unknown god.
  1233 | D:3      | Found Aqedob's General Store.
  1419 | D:3      | Noticed Sigmund
  1437 | D:3      | Killed Sigmund
  1438 | D:3      | Reached skill level 7 in Axes
  1438 | D:3      | Reached XP level 5. HP: 19/45 MP: 4/4
  1438 | D:3      | Reached XP level 6. HP: 22/51 MP: 5/5
  1696 | D:3      | Reached skill level 8 in Axes
  2095 | D:4      | Reached skill level 9 in Axes
  2430 | D:4      | Found a shadowy altar of Dithmenos.
  2444 | D:4      | Reached XP level 7. HP: 57/57 MP: 6/6
  2852 | D:5      | Entered Level 5 of the Dungeon
  2892 | D:5      | Found a burning altar of Makhleb.
  2930 | D:5      | Noticed Blork the orc
  2939 | D:5      | Killed Blork the orc
  2940 | D:5      | Reached skill level 10 in Axes
  3008 | D:5      | Found a staircase to the Ecumenical Temple.
  3018 | Temple   | Entered the Ecumenical Temple
  3363 | Temple   | Became a worshipper of Gozag Ym Sagoz the Greedy
  3500 | D:5      | Reached skill level 11 in Axes
  3668 | D:5      | Reached XP level 8. HP: 64/64 MP: 5/7
  4172 | D:6      | Reached skill level 12 in Axes
  4306 | D:6      | Noticed a troll
  4313 | D:6      | Killed a troll
  4349 | D:6      | Reached skill level 13 in Axes
  4397 | D:6      | Noticed Duvessa
  4397 | D:6      | Noticed Dowan
  4404 | D:6      | Killed Dowan
  4406 | D:6      | Killed Duvessa
  4418 | D:6      | Reached skill level 14 in Axes
  4418 | D:6      | Reached XP level 9. HP: 37/70 MP: 3/8
  4555 | D:6      | Identified the +0 cloak of the Tuna {rPois SInv}
  4679 | D:6      | Noticed NinjaNoafa's ghost (novice AtFi)
  4684 | D:6      | Found a transporter.
  4692 | D:6      | Found a transporter.
  4692 | D:6      | Noticed an unseen horror
  4802 | D:6      | Identified a scroll of acquirement
  4802 | D:6      | Acquired a manual of Armour
  5095 | D:7      | Reached skill level 15 in Axes
  5312 | D:7      | Reached skill level 16 in Axes
  5350 | D:7      | Found a runed translucent gate.
  5350 | D:7      | Found a runed translucent gate.
  5350 | D:7      | Found a runed translucent gate.
  5499 | D:7      | Noticed Jeffwins's ghost (novice OpWn)
  5662 | D:7      | Reached XP level 10. HP: 77/77 MP: 9/9
  5922 | D:7      | Reached skill level 17 in Axes
  6170 | D:8      | Acquired an amulet of regeneration
  6233 | D:8      | You fall into a shaft and drop 1 floor!
  6607 | D:9      | Noticed an elephant
  6626 | D:9      | Killed an elephant
  6627 | D:9      | Reached skill level 18 in Axes
  6664 | D:9      | Found a staircase to the Lair.
  6751 | D:9      | Noticed a two-headed ogre
  6756 | D:9      | Killed a two-headed ogre
  6757 | D:9      | Reached skill level 5 in Fighting
  6757 | D:9      | Reached skill level 5 in Armour
  6861 | D:9      | Noticed Maggie
  6867 | D:9      | Noticed a brown ugly thing
  6877 | D:9      | Reached skill level 5 in Shields
  6882 | D:9      | Killed Maggie
  6882 | D:9      | HP: 2/124 [acid (9)]
  6882 | D:9      | Killed from afar by a white imp

Illustrated notes

Levels and vault maps discovered:
D:1:      dpeg_arrival_stonehenge_8_columns, layout_loops_ring,
          minmay_lizard_pond
D:2:      layout_rooms, uniq_terence
D:3:      layout_rooms, hellmonk_ecumenical_altar_crossroads, serial_shops,
          nicolae_shop_trees, grunt_decor_arrowhead,
          minmay_misc_feat_nine_boxes, nicolae_figureground_sparkle,
          uniq_sigmund
D:4:      layout_basic, nicolae_overflow_hidden_temple
D:5:      layout_cave_pools, mainiacjoe_overflow_catwalk,
          minmay_temple_entry_tees, grunt_decor_mini_mirrors, uniq_blork_the_orc
D:6:      hangedman_cross_stitches, layout_basic, gammafunk_ghost_arena,
          uniq_duvessa
D:7:      layout_loops_cross, gammafunk_ghost_necromancy
D:8:      layout_cave_pools, minmay_misc_feat_x
D:9:      layout_basic, david_lair_generic, minmay_alternating_orb, uniq_maggie
Temple:   mainiacjoe_temple_cubbyholes

Skill      XL: |  1  2  3  4  5  6  7  8  9 10 |
---------------+-------------------------------+-----
Axes           | 3 4 5 7 9 11 14 16 18 | 18.0
Fighting       | 6 |  6.0
Armour         | 6 |  6.0
Shields        | 5 |  5.0

Action                     |  1- 3 |  4- 6 |  7- 9 | 10-12 || total
---------------------------+-------+-------+-------+-------++-------
  Melee: War axe           |    86 |   106 |   222 |    88 ||   502
         Headbutt          |     9 |    20 |    50 |    11 ||    90
    Use: Scroll            |       |     4 |    11 |     3 ||    18
         Potion            |       |       |     1 |     1 ||     2
   Stab: Distracted        |       |       |     1 |       ||     1
 Armour: Chain mail        |    56 |    55 |    93 |    59 ||   263
         Scale mail        |     3 |       |       |       ||     3
  Dodge: Dodged            |    40 |    34 |    80 |    55 ||   209
  Block: Buckler           |    23 |    20 |    56 |       ||    99
         Kite shield       |       |       |    10 |    64 ||    74

Table legend: (Time is in decaauts)
 A = Elapsed time spent in this place.
 B = Non-inter-level travel time spent in this place.
 C = Inter-level travel time spent in this place.
 D = Time resting spent in this place.
 E = Time spent auto-exploring this place.
 F = Levels seen in this place.
 G = Mean time per level.
                   A        B        C        D        E       F      G
               +--------+--------+--------+--------+--------+-----+--------+
         Total |   6915 |   6737 |    178 |      0 |   4613 |  10 |  691.5 |
       Dungeon |   6527 |   6390 |    137 |      0 |   4306 |   9 |  725.2 |
        Temple |    387 |    346 |     41 |      0 |    307 |   1 |  387.0 |
               +--------+--------+--------+--------+--------+-----+--------+

Top non-repeatable levels by time:
     D:6: 1146 daAuts
     D:3: 920 daAuts
     D:7: 914 daAuts
     D:4: 913 daAuts
     D:5: 695 daAuts
     D:1: 653 daAuts
     D:8: 574 daAuts
     D:2: 411 daAuts
  Temple: 387 daAuts
     D:9: 297 daAuts
